 Dungeon Crawl Stone Soup version 0.31-a0-810-ga77100ea1a (webtiles) character file.

Game seed: 1049104929950915268

348 pokeman the Magician (level 6, -1/34 HPs)
             Began as a Deep Elf Hedge Wizard on Sept 21, 2023.
             Slain by a goblin
             ... wielding a +0 club
             ... led by Robin
              (3 damage)
             ... on level 4 of the Dungeon.
             The game lasted 00:06:07 (3642 turns).

pokeman the Magician (Deep Elf Hedge Wizard)        Turns: 3642, Time: 00:06:07

Health: -1/34      AC:  2    Str:  7    XL:     6   Next: 33%
Magic:  17/27      EV: 13    Int: 21    God:
Gold:   204        SH:  0    Dex: 14    Spells: 11/19 levels left

rFire   . . .        s - +2 falchion
rCold   . . .        (no shield)
rNeg    . . .        b - +0 robe
rPois   +            c - +0 hat
rElec   .            (no cloak)
rCorr   .            (no gloves)
SInv    .            (no boots)
Will    .....        (no amulet)
Stlth   ++           h - ring of poison resistance
HPRegen 0.25/turn    p - ring of magical power
MPRegen 0.20/turn

%: no passive effects
@: no status effects
A: no striking features
a: no special abilities


You were on level 4 of the Dungeon.
You visited 1 branch of the dungeon, and saw 4 of its levels.

You collected 204 gold pieces.

Inventory:

Hand Weapons
 s - a +2 falchion (weapon)
Missiles
 f - 2 throwing nets
Armour
 b - a +0 robe (worn)
 c - a +0 hat (worn)
Jewellery
 h - a ring of poison resistance (left hand)
 m - a +6 ring of dexterity
 p - a ring of magical power (right hand)
Wands
 t - a wand of flame (21)
Scrolls
 a - a scroll of poison {unknown}
 g - 3 scrolls of identify {unknown}
 j - 2 scrolls of teleportation {unknown}
 k - a scroll of torment {unknown}
 l - a scroll of vulnerability {unknown}
 n - a scroll of brand weapon {unknown}
 q - 2 scrolls of immolation {unknown}
 r - a scroll of amnesia {unknown}
 u - a scroll of revelation {unknown}
Potions
 d - a potion of magic
 e - a potion of haste {unknown}
 i - 4 potions of heal wounds {unknown}
 o - 2 potions of degeneration {unknown}


   Skills:
 + Level 1.5 Fighting
 - Level 1.0 Armour
 - Level 3.0 Dodging
 - Level 3.0 Stealth
 * Level 7.0 Spellcasting
 + Level 3.1 Conjurations
 - Level 1.1 Summonings
 - Level 1.1 Translocations
 - Level 1.0 Air Magic
 - Level 1.0 Poison Magic
 - Level 1.0 Evocations


You had 11 spell levels left.
You knew the following spells:

 Your Spells              Type           Power      Damage    Failure   Level
a - Magic Dart            Conj           80%        1d7       2%          1
b - Mephitic Cloud        Conj/Pois/Air  14%        N/A       13%         3
c - Call Imp              Summ           24%        N/A       9%          2
d - Blink                 Tloc           24%        N/A       9%          2

Your spell library contained the following spells:

 Spells                   Type           Power      Damage    Failure   Level
 Summon Small Mammal      Summ           48%        N/A       5%          1
 Slow                     Hex            28%        N/A       9%          1
 Cigotuvi's Dreadful Rot  Necr/Pois/Air  20%        N/A       10%         2


Dungeon Overview and Level Annotations

Branches:
Dungeon (4/15)
 Temple: D:4-7

Altars:
Elyvilon
Fedhas
Hepliaklqana
Kikubaaqudgha
Makhleb
Nemelex Xobeh
Sif Muna
Trog
The Shining One

Annotations:
D:4 Robin


Message History

Casting: Mephitic Cloud (quite dangerous; 14% risk of failure)
Confirm with . or Enter, or press ? or * to list all spells.
Aiming: Magic Dart (safe; 2% risk of failure)
Press: ? - help, Shift-Dir - straight line, f/p - Blork the orc
Aim: Blork the orc, wielding a +0 trident and wearing a +0 robe (almost dead, confused, 100% to hit)
The magic dart hits Blork the orc.
You kill Blork the orc!
The goblin closely misses you.
Your Spellcasting skill increases to level 7!
Your Conjurations skill increases to level 3!
Casting: Magic Dart (safe; 2% risk of failure)
Confirm with . or Enter, or press ? or * to list all spells.
Aiming: Magic Dart (safe; 2% risk of failure)
Press: ? - help, Shift-Dir - straight line, f - goblin
Aim: a goblin, wielding a +0 dagger (strong, 100% to hit)
The magic dart hits the goblin.
The goblin is heavily wounded.
The goblin completely misses you. The goblin hits you with a +0 dagger.
Unknown command.
Casting: Magic Dart (safe; 2% risk of failure)
Confirm with . or Enter, or press ? or * to list all spells.
Aiming: Magic Dart (safe; 2% risk of failure)
Press: ? - help, Shift-Dir - straight line, f/p - goblin
Aim: a goblin, wielding a +0 dagger (heavily wounded, strong, 100% to hit)
The magic dart hits the goblin.
You kill the goblin!
Something hits Robin but does no damage.
The goblin barely misses you. Robin throws the goblin at you!
The goblin attacks as it pursues you! The goblin hits you with a +0 dagger.
The goblin attacks as it pursues you! The goblin hits you with a +0 club.
You barely miss the goblin. The goblin barely misses you.
The goblin hits you with a +0 dagger.
* * * LOW HITPOINT WARNING * * *
The goblin misses you. The goblin attacks as it pursues you!
The goblin hits you with a +0 club.
* * * LOW HITPOINT WARNING * * *
The goblin misses you. The goblin attacks as it pursues you!
The goblin hits you with a +0 club.
You die...

##. ###.###♣.♣≈≈≈## #†.
#..#♣...♣≈≈≈# #)####
#..'.._.8≈≈≈#
#g#..#.#..#♣...♣≈≈≈#
######.#....#..##♣.♣≈≈≈##
#....))#.#..#.†.#########
#....gg#.#..#..#.........
#....g.#.#..#..#.........
##....gg@..<#..#.........
#..........#†.######....
#.........)...(....#....
#..........#######.#.###
##............... #..##
#.##################..#
#. ........... ##
........... ...........


You could see 4 goblins.

Vanquished Creatures
  Blork the orc (D:4)
  2 hounds (D:4)
  An orc priest (D:3)
  An orc wizard (D:4)
  3 adders
  A gnoll (D:3)
  5 shadow imps
  A white imp (D:3)
  2 worms (D:2)
  A dart slug (D:3)
  2 orcs (D:4)
  5 endoplasms
  4 giant cockroaches
  13 goblins
  7 hobgoblins
  4 kobolds
  4 quokkas
  3 ball pythons
  5 bats
  3 frilled lizards
  4 rats
72 creatures vanquished.

Vanquished Creatures (collateral kills)
  2 orcs (D:4)
  A rat (D:2)
3 creatures vanquished.

Grand Total: 75 creatures vanquished

Notes
Turn   | Place    | Note
-------+----------+-------------------------------------------
     0 | D:1      | pokeman the Deep Elf Hedge Wizard began the quest for the
                  | Orb.
     0 | D:1      | Reached XP level 1. HP: 10/10 MP: 7/7
   269 | D:1      | Reached XP level 2. HP: 16/16 MP: 5/9
   930 | D:1      | Reached skill level 5 in Spellcasting
  1259 | D:2      | Reached XP level 3. HP: 20/20 MP: 8/11
  1263 | D:2      | Learned a level 3 spell: Mephitic Cloud
  1266 | D:2      | Learned a level 2 spell: Call Imp
  1269 | D:2      | Learned a level 2 spell: Blink
  1466 | D:3      | Found a transporter.
  1478 | D:3      | Found a transporter.
  1725 | D:3      | Found a sparkling altar of Nemelex Xobeh.
  1809 | D:3      | Reached skill level 1 in Armour
  1876 | D:2      | Reached skill level 1 in Fighting
  2177 | D:3      | Found an ancient bone altar of Kikubaaqudgha.
  2223 | D:3      | Reached XP level 4. HP: 25/25 MP: 13/13
  2398 | D:3      | Found a bloodstained altar of Trog.
  2412 | D:3      | Found a shimmering blue altar of Sif Muna.
  2416 | D:3      | Got a tattered book
  2516 | D:3      | Found a blossoming altar of Fedhas.
  2647 | D:3      | Found a burning altar of Makhleb.
  2854 | D:3      | Reached skill level 6 in Spellcasting
  2929 | D:3      | Reached XP level 5. HP: 13/29 MP: 15/15
  3128 | D:4      | Found a white marble altar of Elyvilon.
  3154 | D:4      | Reached skill level 1 in Evocations
  3157 | D:4      | Reached skill level 1 in Poison Magic
  3367 | D:4      | Found a glowing golden altar of the Shining One.
  3396 | D:4      | Reached skill level 1 in Air Magic
  3516 | D:4      | Found a hazy altar of Hepliaklqana.
  3554 | D:4      | Reached XP level 6. HP: 30/34 MP: 17/17
  3617 | D:4      | Noticed Blork the orc
  3630 | D:4      | Noticed Robin
  3636 | D:4      | Killed Blork the orc
  3637 | D:4      | Reached skill level 7 in Spellcasting
  3642 | D:4      | Slain by a goblin

Illustrated notes

Levels and vault maps discovered:
D:1:      dpeg_arrival_boxorama, layout_rooms, serial_glass, glass_columns_a,
          glass_columns_b, glass_columns_c, glass_columns_c, glass_columns_b,
          glass_columns_b
D:2:      layout_basic
D:3:      gammafunk_wand_slinger, layout_loops_cross,
          nzn_overflow_gifts_of_might_and_magic, kiku_gazebo_garden_becter,
          mainiacjoe_overflow_cross_hatched, pf_just_have_faith,
          lightli_temple_of_fire
D:4:      layout_basic, mainiacjoe_overflow_brackets, tso_metal_star,
          worldfamousw_hep_ancestral_shrine, dreamdust_gnoll_farm,
          uniq_blork_the_orc, uniq_edmund, uniq_robin

Skill      XL: |  1  2  3  4  5  6 |
---------------+-------------------+-----
Spellcasting   | 5 6 7 |  7.0
Armour         | 1 |  1.0
Fighting       | 1 |  1.5
Conjurations   | 2 3 |  3.1
Stealth        | 3 |  3.0
Dodging        | 3 |  3.0
Evocations     | 1 |  1.0
Poison Magic   | 1 |  1.0
Air Magic      | 1 |  1.0
Summonings     | |  1.1
Translocations | |  1.1

Action                     |  1- 3 |  4- 6 || total
---------------------------+-------+-------++-------
  Melee: Dagger            |    16 |       ||    16
         Falchion          |       |    13 ||    13
   Cast: Magic Dart        |   107 |    96 ||   203
         Mephitic Cloud    |     1 |     7 ||     8
         Call Imp          |     1 |     1 ||     2
         Blink             |     1 |       ||     1
   Stab: Confused          |     1 |       ||     1
 Armour: Robe              |    10 |    32 ||    42
  Dodge: Dodged            |    15 |    33 ||    48

Table legend: (Time is in decaauts)
 A = Elapsed time spent in this place.
 B = Non-inter-level travel time spent in this place.
 C = Inter-level travel time spent in this place.
 D = Time resting spent in this place.
 E = Time spent auto-exploring this place.
 F = Levels seen in this place.
 G = Mean time per level.
                   A        B        C        D        E       F      G
               +--------+--------+--------+--------+--------+-----+--------+
         Total |   3645 |   3490 |    155 |    134 |   2835 |   4 |  911.2 |
       Dungeon |   3645 |   3490 |    155 |    134 |   2835 |   4 |  911.2 |
               +--------+--------+--------+--------+--------+-----+--------+

Top non-repeatable levels by time:
     D:3: 1246 daAuts
     D:1: 1105 daAuts
     D:2: 748 daAuts
     D:4: 545 daAuts
